 Dungeon Crawl Stone Soup version 0.29-a0-841-g116ddc6ace (webtiles) character file.

Game seed: 3643914226394038130

7 jimonade the Shield-Bearer (level 2, -1/24 HPs)
             Began as a Formicid Fighter on July 14, 2022.
             Frozen to death by an endoplasm (4 damage)
             ... on level 1 of the Dungeon.
             The game lasted 00:00:47 (192 turns).

jimonade the Shield-Bearer (Formicid Fighter)        Turns: 192, Time: 00:00:48

Health: -1/24      AC:  6    Str: 20    XL:     2   Next: 5%
Magic:  2/2        EV:  7    Int:  7    God:
Gold:   0          SH:  5    Dex: 13    Spells: 1/1 levels left

rFire   . . .      SeeInvis +   a - +0 long sword
rCold   . . .      Faith    .   c - +0 buckler
rNeg    . . .      Spirit   .   g - +0 acid dragon scales
rPois   .          Reflect  .   (helmet unavailable)
rElec   .          Harm     .   (no cloak)
rCorr   +          Rampage  .   (no gloves)
Will    .....                   (no boots)
Stlth   +.........              (no amulet)
HPRegen 0.08/turn               (no ring)
MPRegen 0.08/turn               (no ring)

@: constricted
A: permanent stasis, dig shafts and tunnels, antennae 3, four strong arms
a: Dig, Shaft Self


You were on level 1 of the Dungeon.
You visited 1 branch of the dungeon, and saw 1 of its levels.

Inventory:

Hand Weapons
 a - a +0 long sword (weapon)
Missiles
 f - 9 stones
Armour
 b - a +0 scale mail
 c - a +0 buckler (worn)
 g - +0 acid dragon scales (worn)
Scrolls
 e - a scroll of magic mapping {unknown}
Potions
 d - a potion of might


   Skills:
 * Level 3.4 Fighting
 + Level 2.0 Long Blades
 + Level 3.4 Armour
 + Level 4.1 Shields
 * Level 0.2 Spellcasting


You had one spell level left.
You didn't know any spells.
Your spell library was empty.

Dungeon Overview and Level Annotations

Branches:
Dungeon (1/15)

Altars:


Innate Abilities, Weirdness & Mutations

You cannot be hasted, slowed, berserked, paralysed or teleported.
You can dig through walls and to a lower floor.
You have a pair of large antennae on your head. (SInv)
Your four strong arms can wield two-handed weapons with a shield.


Message History

You slash the hobgoblin!
You kill the hobgoblin!
The quokka bites you. The goblin barely misses you.
You miss the quokka. You block the quokka's attack.
The goblin hits you but does no damage. The endoplasm closely misses you.
The quokka completely misses you. You block the endoplasm's attack.
The goblin closely misses you. The endoplasm attacks as you move away!
The endoplasm misses you. The goblin hits you with a +0 club.
The rat bites you. You block the rat's attack.
The quokka attacks as you move away! The quokka barely misses you.
A ball python comes into view.
The quokka closely misses you.
The ball python hisses angrily.
You completely miss the quokka. The quokka bites you.
The quokka bites you but does no damage.
You slash the goblin!
You kill the goblin!
The quokka bites you.
You have reached level 2!
The quokka attacks as you move away! The quokka closely misses you.
You block the ball python's attack. x2
You see here a blue potion.
You are too injured to fight recklessly!
Unknown command.
You barely miss the ball python. You block the quokka's attack.
The ball python bites you but does no damage.
The ball python barely misses you. The quokka closely misses you.
The endoplasm freezes you.
You are frozen.
* * * LOW HITPOINT WARNING * * *
You hit the endoplasm but do no damage.
The ball python bites you but does no damage.
The ball python grabs you. The ball python constricts you.
* * * LOW HITPOINT WARNING * * *
The quokka bites you.
* * * LOW HITPOINT WARNING * * *
The endoplasm freezes you.
You are frozen.
You die...

...# ...# #...........#
.... #...........# ...#
###...........# ...##
.##...........# ....###
.##...........#
......##..............#
#.#............J.....#
.....#..##.....S@....#
..............#r##.....#
###....##.....)r# ....#
.'......#.......## ...#
.#..#.#.#........#......
.###...........=........
.##............†........
.##....................
+##....................


You could see an endoplasm, a quokka, a ball python and a rat.

Vanquished Creatures
  2 endoplasms (D:1)
  A goblin (D:1)
  A hobgoblin (D:1)
  A frilled lizard (D:1)
  A rat (D:1)
6 creatures vanquished.

Notes
Turn   | Place    | Note
-------+----------+-------------------------------------------
     0 | D:1      | jimonade the Formicid Fighter began the quest for the Orb.
     0 | D:1      | Reached XP level 1. HP: 18/18 MP: 1/1
   190 | D:1      | Reached XP level 2. HP: 8/24 MP: 2/2
   192 | D:1      | Frozen to death by an endoplasm

Illustrated notes

Levels and vault maps discovered:
D:1:      ebering_trefoil_twist, layout_rooms, minmay_misc_feat_more_columns,
          st_stairs_5, minmay_misc_feat_encased

Action                   || total
-------------------------++-------
Melee: Long sword        ||    16
Armor: Acid dragon scale ||     7
       Scale mail        ||     1
Dodge: Dodged            ||    12
Block: Buckler           ||    12

Table legend: (Time is in decaauts)
 A = Elapsed time spent in this place.
 B = Non-inter-level travel time spent in this place.
 C = Inter-level travel time spent in this place.
 D = Time resting spent in this place.
 E = Time spent auto-exploring this place.
 F = Levels seen in this place.
 G = Mean time per level.
                   A        B        C        D        E       F      G
               +--------+--------+--------+--------+--------+-----+--------+
         Total |    197 |    197 |      0 |      0 |    121 |   1 |  197.0 |
       Dungeon |    197 |    197 |      0 |      0 |    121 |   1 |  197.0 |
               +--------+--------+--------+--------+--------+-----+--------+

Top non-repeatable levels by time:
     D:1: 197 daAuts
